 Dungeon Crawl Stone Soup version 0.23.2-33-g5129a83184 (webtiles) character file.

Game seed: 13710533304660932740

9585 DildoBatman the Stinger (level 11, -2/78 HPs)
             Began as a Formicid Wizard on July 3, 2019.
             Was a High Priest of Kikubaaqudgha.
             Slain by an ice devil (9 damage)
             ... in an ice cave.
             The game lasted 00:53:09 (10082 turns).

DildoBatman the Stinger (Formicid Wizard)          Turns: 10082, Time: 00:53:10

Health: -2/78      AC: 12    Str: 12    XL:     11   Next: 77%
Magic:  18/18      EV: 11    Int: 26    God:    Kikubaaqudgha [*****.]
Gold:   506        SH:  4    Dex:  9    Spells: 3/20 levels left

rFire    . . .     SeeInvis +   e - +1 spear (pierce)
rCold    + . .     Gourm    .   w - +0 buckler
rNeg     . . .     Faith    +   P - +3 ring mail {rC+}
rPois    .         Spirit   .   (helmet unavailable)
rElec    .         Reflect  .   N - scarf {cloud immunity}
rCorr    .         Harm     .   S - +2 pair of gloves {archery}
MR       +....                  (no boots)
Stlth    +++.......             h - amulet of faith
HPRegen  0.23/turn              f - +5 ring of intelligence
MPRegen  0.16/turn              B - ring of stealth

@: no status effects
A: permanent stasis, dig shafts and tunnels, four strong arms, antennae 3
a: Dig, Shaft Self, Receive Corpses, Torment, Renounce Religion


You were in an ice cave.
You worshipped Kikubaaqudgha.
Kikubaaqudgha was extremely pleased with you.
You were very hungry.

You visited 2 branches of the dungeon, and saw 12 of its levels.
You also visited: Ice Cave.

You collected 526 gold pieces.
You spent 20 gold pieces at shops.

Inventory:

Hand Weapons
 a - a +0 dagger of venom
 b - a +2 dagger of holy wrath
 e - a +1 spear of piercing (weapon)
Missiles
 O - 2 throwing nets (quivered)
Armour
 w - a +0 buckler (worn)
 N - a scarf of cloud immunity (worn)
 P - a +3 ring mail of cold resistance (worn)
 S - a +2 pair of gloves of archery (worn)
Jewellery
 f - a +5 ring of intelligence (left hand)
 h - an amulet of faith (around neck)
 y - an uncursed ring of protection from magic
 B - a ring of stealth (right hand)
Wands
 c - a wand of disintegration (19)
 q - a wand of scattershot (3)
 D - a wand of flame (8)
 F - a wand of paralysis (2)
Scrolls
 s - a scroll of magic mapping {unknown}
 u - a scroll of random uselessness {unknown}
 x - 8 scrolls of remove curse
 z - 10 scrolls of identify
 I - 2 scrolls of noise {unknown}
 J - a scroll of vulnerability {unknown}
 L - 2 scrolls of enchant weapon {unknown}
 M - a scroll of enchant armour {unknown}
 R - a scroll of immolation {unknown}
Potions
 d - a potion of lignification {unknown}
 i - 2 potions of curing {unknown}
 k - 3 potions of degeneration {unknown}
 m - 2 potions of ambrosia {unknown}
 o - a potion of agility {unknown}
 t - 3 potions of heal wounds {unknown}
 A - 2 potions of haste {unknown}
 C - 2 potions of brilliance {unknown}
 E - 3 potions of flight {unknown}
 H - a potion of cancellation {unknown}
Comestibles
 v - 19 rations


   Skills:
 * Level 4.8 Fighting
 - Level 1.2 Short Blades
 * Level 4.7 Armour
 - Level 3.0 Dodging
 - Level 6.0 Stealth
 - Level 5.0 Shields
 - Level 5.0 Spellcasting
 - Level 6.0 Conjurations
 - Level 4.0 Charms
   Level 1.0 Summonings
 * Level 5.9 Necromancy
   Level 0.8 Translocations
 - Level 4.0 Fire Magic
 - Level 4.0 Air Magic
 * Level 7.9 Poison Magic
 * Level 5.9 Evocations


You had 3 spell levels left.
You knew the following spells:

 Your Spells              Type           Power        Failure   Level  Hunger
a - Conjure Flame         Conj/Fire      ####....     6%          3    #......
c - Magic Dart            Conj           ####         1%          1    None
d - Regeneration          Chrm/Necr      ####......   6%          3    #......
e - Mephitic Cloud        Conj/Pois/Air  #####...     4%          3    #......
h - Dispel Undead         Necr           #####...     36%         5    #####..
z - Sublimation of Blood  Necr           #####.....   2%          2    None

Your spell library contained the following spells:

 Spells                   Type           Power        Failure   Level  Hunger
 Animate Skeleton         Necr           N/A          1%          1    None
 Pain                     Necr           ####         1%          1    None
 Corpse Rot               Necr           N/A          2%          2    None
 Summon Small Mammal      Summ           ##..         11%         1    None
 Apportation              Tloc           ##....       12%         1    None
 Confusing Touch          Hex            #.....       16%         1    None
 Call Imp                 Summ           ##......     16%         2    None
 Slow                     Hex            #.......     24%         2    None
 Animate Dead             Necr           N/A          14%         4    ###....
 Bolt of Draining         Conj/Necr      #####.....   36%         5    #####..
 Excruciating Wounds      Chrm/Necr      ####......   52%         5    #####..
 Death Channel            Necr           #####.....   91%         6    ######.
 Blink                    Tloc           Unusable     N/A         2    N/A

Dungeon Overview and Level Annotations

Branches:
Dungeon (11/15)            Temple (1/1) D:5            Lair (0/6) D:9
    Orc: D:9-12

Altars:
Ashenzari
Cheibriados
Dithmenos
Elyvilon
Fedhas
Gozag
Hepliaklqana
Kikubaaqudgha
Makhleb
Nemelex Xobeh
Okawaru
Qazlal
Ru
Sif Muna
Trog
Uskayaw
Vehumet
Wu Jian
Xom
Yredelemnul
Zin
The Shining One

Shops:
D:6 :   D:7 }}:**   D:8 [

Annotations:
IceCv exclusion: 2 ice statues


Innate Abilities, Weirdness & Mutations

You cannot be hasted, slowed, berserked, paralysed or teleported.
You can dig through walls and to a lower floor.
Your four strong arms can wield two-handed weapons with a shield.
You have a pair of large antennae on your head. (SInv)


Message History

Unknown command.
Unknown command.
You extend your mandibles.
You dig through the ice covered rock wall.
You are feeling very hungry.
You block the ice devil's attack.
You dig through the ice covered rock wall.
You retract your mandibles.
The ice devil hits you! The ice devil freezes you. You resist.
You extend your mandibles.
You dig through the rock wall.
You dig through the rock wall.
You dig through the rock wall.
You dig through the rock wall.
You retract your mandibles.
The ice devil hits you!
You die...
Kikubaaqudgha rasps: "You have failed me!
Welcome... death!"

#.#8#....#8##
#.#..........##
#.#............####
#............☼....#####
#.#..........#§..4.....
#...........###.#.....4
#4#........##..##.#
##.##...#####.....#...#
#4#....@.....#.####5..#
##.###4######.## #....
##.#.## ### #... ##4##
##. ### #


You could see 2 ice devils.

Vanquished Creatures
  Harold (D:8)
  2 centaur zombies (D:11)
  Joseph (D:8)
  A troll (D:11)
  2 hippogriffs (D:10)
  A wyvern (D:11)
  4 hogs (D:7)
  A human (D:7)
  10 yaks
  A basilisk (D:11)
  A hungry ghost (D:9)
  5 porcupines (D:9)
  2 orc warriors
  4 ice beasts
  A phantom (D:9)
  2 sky beasts
  A black bear (D:9)
  5 ogres
  6 centaurs
  A crocodile (D:11)
  A big kobold (D:7)
  9 bullfrogs
  A water moccasin skeleton (D:8)
  A scorpion (D:9)
  A wyvern skeleton (D:8)
  11 killer bees
  4 crimson imps
  A jelly (D:10)
  A centaur skeleton (D:6)
  4 hounds
  8 orc priests
  A bullfrog skeleton (D:10)
  Terence (D:2)
  3 iguanas
  12 orc wizards
  7 worker ants
  A worker ant zombie (D:6)
  7 gnolls
  14 adders
  A shadow imp (D:9)
  7 white imps (IceCv)
  5 ufetubi (IceCv)
  2 oozes
  2 adder zombies
  4 worms
  3 dart slugs
  6 leopard geckos
  61 orcs
  3 ball pythons
  13 bats
  3 giant cockroaches
  10 goblins
  9 hobgoblins
  10 jackals
  6 quokkas
  6 frilled lizards
  A jackal skeleton (D:9)
  9 kobolds
  A leopard gecko skeleton (D:4)
  A quokka zombie (D:7)
  13 rats
316 creatures vanquished.

Vanquished Creatures (collateral kills)
  A killer bee (D:9)
  A hound (D:10)
2 creatures vanquished.

Vanquished Creatures (others)
  A reaper (IceCv)
  A killer bee (D:9)
  4 white imps (IceCv)
  3 ufetubi (IceCv)
  42 fungi (D:9)
  22 plants (D:9)
73 creatures vanquished.

Grand Total: 391 creatures vanquished

Notes
Turn   | Place    | Note
-------+----------+-------------------------------------------
     0 | D:1      | DildoBatman the Formicid Wizard began the quest for the
                  | Orb.
     0 | D:1      | Reached XP level 1. HP: 13/13 MP: 4/4
     4 | D:1      | Reached skill level 1 in Conjurations
   189 | D:1      | Reached XP level 2. HP: 19/19 MP: 6/6
   378 | D:1      | Reached XP level 3. HP: 19/24 MP: 5/7
   383 | D:1      | Learned a level 3 spell: Conjure Flame
   387 | D:1      | Learned a level 3 spell: Mephitic Cloud
  1127 | D:2      | Reached XP level 4. HP: 30/30 MP: 1/8
  1830 | D:3      | Noticed Terence
  1960 | D:3      | Reached XP level 5. HP: 23/35 MP: 6/9
  2742 | D:4      | Reached skill level 1 in Shields
  3175 | D:4      | Reached XP level 6. HP: 41/41 MP: 4/10
  3472 | D:5      | Entered Level 5 of the Dungeon
  3480 | D:5      | Found a staircase to the Ecumenical Temple.
  3488 | Temple   | Entered the Ecumenical Temple
  3713 | Temple   | Became a worshipper of Kikubaaqudgha
  3798 | D:5      | Noticed an ice beast
  3888 | D:5      | Killed an ice beast
  3888 | D:5      | Reached skill level 5 in Conjurations
  3888 | D:5      | Reached XP level 7. HP: 28/46 MP: 5/11
  4071 | D:5      | Reached * piety under Kikubaaqudgha
  4071 | D:5      | Identified Kikubaaqudgha's Reference Book on Evil
                  | (Kikubaaqudgha gifted it to you on level 5 of the Dungeon)
  4071 | D:5      | Received a gift from Kikubaaqudgha
  4089 | D:5      | Learned a level 3 spell: Regeneration
  4097 | D:5      | Reached skill level 5 in Stealth
  4186 | D:5      | Found a radiant altar of Vehumet.
  4622 | D:4      | Reached skill level 1 in Poison Magic
  4631 | D:4      | Reached skill level 1 in Fire Magic
  4712 | D:4      | Reached skill level 1 in Charms
  4889 | D:2      | Killed Terence
  4889 | D:2      | Reached skill level 1 in Necromancy
  4991 | D:6      | Reached XP level 8. HP: 44/52 MP: 8/12
  5009 | D:6      | Reached skill level 1 in Air Magic
  5260 | D:6      | Reached skill level 2 in Poison Magic
  5372 | D:6      | Reached ** piety under Kikubaaqudgha
  5552 | D:6      | Reached skill level 1 in Evocations
  5599 | D:6      | Reached skill level 3 in Poison Magic
  5707 | D:6      | Found Iriste Unill's Book Boutique.
  6018 | D:7      | Found Gunkuqi's Book Shoppe.
  6054 | D:7      | Found Bunoetua's Gadget Shop.
  6087 | D:7      | Found Pintel Xarr's Gadget Boutique.
  6157 | D:7      | Reached XP level 9. HP: 57/57 MP: 8/13
  6232 | D:7      | Reached skill level 4 in Poison Magic
  6294 | D:7      | Found Nuxkamol's Assorted Antiques.
  6313 | D:7      | Found Ekuclunil's General Store.
  6320 | D:7      | Bought a scroll of identify for 20 gold pieces
  6587 | D:8      | Noticed Joseph
  6616 | D:8      | Killed Joseph
  6653 | D:8      | Found Foexzyup's Armour Shop.
  6713 | D:8      | Reached skill level 5 in Poison Magic
  6828 | D:8      | Noticed Harold
  6871 | D:8      | Killed Harold
  6871 | D:8      | Reached skill level 1 in Fighting
  6871 | D:8      | Reached skill level 1 in Short Blades
  6871 | D:8      | Reached skill level 1 in Armour
  6871 | D:8      | Reached XP level 10. HP: 8/66 MP: 6/16
  7020 | D:8      | Found a burning altar of Makhleb.
  7021 | D:8      | Found an iron altar of Okawaru.
  7023 | D:8      | Found a sparkling altar of Nemelex Xobeh.
  7063 | D:8      | Reached *** piety under Kikubaaqudgha
  7063 | D:8      | Identified Kikubaaqudgha's Papyrus of Darkness
                  | (Kikubaaqudgha gifted it to you on level 8 of the Dungeon)
  7063 | D:8      | Received a gift from Kikubaaqudgha
  7283 | D:8      | Found a snail-covered altar of Cheibriados.
  7283 | D:8      | Found an opulent altar of Gozag.
  7738 | D:9      | Reached skill level 6 in Poison Magic
  7815 | D:9      | Reached **** piety under Kikubaaqudgha
  7844 | D:9      | Reached skill level 5 in Spellcasting
  7995 | D:9      | Reached XP level 11. HP: 74/74 MP: 7/18
  8164 | D:9      | Found a white marble altar of Elyvilon.
  8164 | D:9      | Found a radiant altar of Vehumet.
  8220 | D:9      | Found a staircase to the Lair.
  8299 | D:10     | Entered Level 10 of the Dungeon
  8356 | D:10     | Reached skill level 5 in Necromancy
  8388 | D:9      | Reached skill level 5 in Shields
  8391 | D:9      | Reached skill level 5 in Evocations
  8505 | D:10     | Reached ***** piety under Kikubaaqudgha
  8507 | D:10     | Reached skill level 7 in Poison Magic
  8672 | D:9      | Learned a level 2 spell: Sublimation of Blood
  9074 | D:11     | Found a frozen archway.
  9475 | D:11     | Learned a level 5 spell: Dispel Undead
  9547 | D:11     | Got a twitching platinum amulet
  9615 | IceCv    | Entered an ice cave
  9743 | IceCv    | Killed a reaper
  9986 | IceCv    | HP: 1/78 [ice devil (8)]
 10082 | IceCv    | Slain by an ice devil

Skill      XL: |  1  2  3  4  5  6  7  8  9 10 11 |
---------------+----------------------------------+-----
Conjurations   | 1 2 3 4 5 6 |  6.0
Shields        | 2 3 4 5 |  5.0
Stealth        | 3 4 5 6 |  6.0
Poison Magic   | 1 3 5 6 7 |  7.9
Fire Magic     | 1 2 4 |  4.0
Charms         | 1 2 4 |  4.0
Necromancy     | 1 2 4 5 |  5.9
Air Magic      | 2 3 4 |  4.0
Evocations     | 1 3 4 5 |  5.9
Spellcasting   | 4 5 |  5.0
Fighting       | 1 2 4 |  4.8
Short Blades   | 1 |  1.2
Armour         | 1 2 4 |  4.7
Dodging        | 2 3 |  3.0
Summonings     | |  1.0
Translocations | |  0.8

Action                   |  1- 3 |  4- 6 |  7- 9 | 10-12 || total
-------------------------+-------+-------+-------+-------++-------
Melee: Dagger            |    31 |   150 |   209 |   631 ||  1021
       Unarmed           |     2 |       |       |       ||     2
       Spear             |       |       |       |    34 ||    34
Throw: Stone             |       |       |       |     1 ||     1
       Throwing net      |       |       |       |     1 ||     1
 Cast: Magic Dart        |    65 |   102 |    93 |    62 ||   322
       Mephitic Cloud    |       |     5 |    31 |    48 ||    84
       Conjure Flame     |       |     1 |     9 |    14 ||    24
       Regeneration      |       |       |     6 |    28 ||    34
       Sublimation of Bl |       |       |       |     3 ||     3
 Abil: Dig               |       |     5 |     6 |    16 ||    27
Evoke: Wand              |       |     5 |    22 |    15 ||    42
  Use: Scroll            |       |       |     2 |     2 ||     4
 Stab: Sleeping          |     3 |     1 |     1 |     1 ||     6
       Confused          |       |     5 |    11 |    27 ||    43
       Paralysed         |       |       |       |     2 ||     2
  Eat: Chunk             |     1 |     9 |    14 |    16 ||    40
       Ration            |       |       |       |     1 ||     1
Armor: Robe              |     9 |    41 |    14 |       ||    64
       Ring mail         |       |       |       |   217 ||   217
Dodge: Dodged            |    24 |   131 |    77 |   295 ||   527
Block: Buckler           |       |     4 |    19 |   107 ||   130
